 Dungeon Crawl Stone Soup version 0.29.1-1-gd02db6906a (webtiles) character file.

Game seed: 16849880603592077403

9 Ashen the Firebug (level 2, 19/19 HPs)
             Began as a Demonspawn Fire Elementalist on Oct 12, 2022.
             Got out of the dungeon alive.
             The game lasted 00:00:36 (629 turns).

Ashen the Firebug (Demonspawn Fire Elementalist)     Turns: 629, Time: 00:00:36

Health: 19/19      AC:  2    Str:  8    XL:     2   Next: 3%
Magic:  5/5        EV: 12    Int: 16    God:
Gold:   12         SH:  0    Dex: 13    Spells: 4/5 levels left

rFire   . . .      SeeInvis .   (no weapon)
rCold   . . .      Faith    .   (no shield)
rNeg    . . .      Spirit   .   a - +0 robe
rPois   .          Reflect  .   (no helmet)
rElec   .          Harm     .   (no cloak)
rCorr   .          Rampage  .   (no gloves)
Will    .....                   (no boots)
Stlth   ++........              (no amulet)
HPRegen 0.06/turn               (no ring)
MPRegen 0.18/turn               (no ring)

@: no status effects
A: magic regeneration
a: no special abilities


You escaped.
You visited 1 branch of the dungeon, and saw 1 of its levels.

You collected 12 gold pieces.

Inventory:

Armour
 a - a +0 robe (worn)
Scrolls
 c - a scroll of amnesia {unknown}
Potions
 b - a potion of magic
 d - a potion of curing {unknown}
 e - a potion of attraction {unknown}


   Skills:
 + Level 1.9 Dodging
 + Level 2.0 Stealth
 + Level 2.1 Spellcasting
 + Level 1.2 Conjurations
 + Level 2.8 Fire Magic


You had 4 spell levels left.
You knew the following spells:

 Your Spells              Type           Power      Damage    Failure   Level
a - Foxfire               Conj/Fire      32%        2x1d5     9%          1

Your spell library contained the following spells:

 Spells                   Type           Power      Damage    Failure   Level
 Scorch                   Fire           20%        2d6       10%         2
 Conjure Flame            Conj/Fire      8%         6-21      26%         3
 Inner Flame              Hex/Fire       6%         N/A       34%         3
 Flame Wave               Conj/Fire      8%         2d5       65%         4


Dungeon Overview and Level Annotations

Branches:
Dungeon (1/15)

Altars:


Innate Abilities, Weirdness & Mutations

You regenerate magic rapidly.


Message History

You are very lightly contaminated with residual magic.
Nothing appears to happen.
Casting: Foxfire (safe; 9% risk of failure)
Confirm with . or Enter, or press ? or * to list all spells.
You conjure some foxfire!
The foxfire hits the giant cockroach.
The giant cockroach is almost dead.
You barely miss the giant cockroach.
The giant cockroach is almost dead.
The foxfire hits the giant cockroach but does no damage.
The giant cockroach is almost dead.
Casting: Foxfire (safe; 9% risk of failure)
Confirm with . or Enter, or press ? or * to list all spells.
You conjure some foxfire!
The giant cockroach closely misses you.
You hit the giant cockroach but do no damage.
The giant cockroach is almost dead.
The foxfire hits the giant cockroach.
You kill the giant cockroach!
Your foxfire dissipates!
Your magical contamination has completely faded away.
You see here a +0 ring mail.
A giant cockroach comes into view.
Casting: Foxfire (safe; 9% risk of failure)
Confirm with . or Enter, or press ? or * to list all spells.
You conjure some foxfire!
You hit the giant cockroach but do no damage.
The foxfire hits the giant cockroach.
The giant cockroach is heavily wounded.
The foxfire hits the giant cockroach.
You kill the giant cockroach!
Your Stealth skill increases to level 2!
You have reached level 2!
Your demonic ancestry asserts itself...
Your magic begins to regenerate rapidly.
You see here a +0 ring mail.
There is an open door here.
You open the door.
There is an open door here.
There is a staircase leading out of the dungeon here.
Are you sure you want to leave the Dungeon?
This will make you lose the game!
You have escaped!

.## ## .# #..
.# ###..## .#
.....
.########
##...##
.........
####..#..####
.########
#...........#
..##
#...........#
...#
#.⌠...@...⌠.#
..##
#...........#
.##
#...........#
.#
##..#####..##
.# #...#
#...# '##
#...###...#
..##
##...#...##
...##
#####.....##
....##
##>##.#..###


There were no monsters in sight!

Vanquished Creatures
  3 giant cockroaches (D:1)
  A goblin (D:1)
  A hobgoblin (D:1)
  A ball python (D:1)
  A frilled lizard (D:1)
  A rat (D:1)
8 creatures vanquished.

Vanquished Creatures (others)
  22 foxfires (D:1)
22 creatures vanquished.

Grand Total: 30 creatures vanquished

Notes
Turn   | Place    | Note
-------+----------+-------------------------------------------
     0 | D:1      | Ashen the Demonspawn Fire Elementalist began the quest for
                  | the Orb.
     0 | D:1      | Reached XP level 1. HP: 13/13 MP: 3/3
   561 | D:1      | Gained mutation: You regenerate magic rapidly. [demonic
                  | ancestry]
   561 | D:1      | Reached XP level 2. HP: 19/19 MP: 3/5
   629 | D:$      | Got out of the dungeon alive.

Illustrated notes

Levels and vault maps discovered:
D:1:      dpeg_arrival_arbitrary_c, layout_loops_corners,
          basic_ecumenical_altar, minmay_misc_feat_x

Skill      XL: |  1 |
---------------+----+-----
Stealth        | 2 |  2.0
Dodging        | |  1.9
Spellcasting   | |  2.1
Conjurations   | |  1.2
Fire Magic     | |  2.8

Action                   || total
-------------------------++-------
Melee: Unarmed           ||    11
       Punch             ||     1
 Cast: Foxfire           ||    12
Armor: Robe              ||     1
Dodge: Dodged            ||     8
